 Dungeon Crawl Stone Soup version 0.17-a0-1625-g47e540b (webtiles) character file.

40925 wvc the Impaler (level 13, -8/98 HPs)
             Began as a Mummy Warper on Aug 2, 2015.
             Was the Champion of Okawaru.
             Mangled by a giant leech (23 damage)
             ... on level 8 of the Lair of Beasts.
             The game lasted 00:53:49 (22066 turns).

wvc the Impaler (Mummy Warper)                     Turns: 22066, Time: 00:53:49

Health: -8/98      AC: 15    Str: 16    XL:     13   Next: 77%
Magic:  16/16      EV: 12    Int: 12    God:    Okawaru [******]
Gold:   848        SH:  0    Dex: 15    Spells: 2 memorised, 13 levels left

rFire  + + .     SeeInvis .     t - +5 halberd (flame)
rCold  + . .     Clarity  +     L - +1 scale mail {rF+}
rNeg   + + +     SustAt   .     (no shield)
rPois  ∞         Gourm    .     m - +0 helmet
rElec  .         Spirit   .     F - +0 cloak {MR+}
rCorr  .         Warding  .     K - +1 pair of gloves {rF+}
rMut   .         Stasis   .     E - +0 pair of boots
MR     +++..                    h - amulet of clarity
Stlth  ..........               g - ring of protection from fire
                                a - ring of protection from magic

@: extremely resistant to hostile enchantments, extremely unstealthy
A: no food or potions, fire vulnerability, cold resistance 1, negative energy
resistance 3, torment resistance, unbreathing, in touch with death 1, restore
body
a: Self-Restoration, Heroism, Finesse, Renounce Religion


You were on level 8 of the Lair of Beasts.
You worshipped Okawaru.
Okawaru was exalted by your worship.
You were not hungry.

You visited 2 branches of the dungeon, and saw 17 of its levels.
You also visited: Sewer and Volcano.

You collected 1235 gold pieces.
You spent 337 gold pieces at shops.

Inventory:

Hand weapons
 i - a +0 blowgun
 r - a +0 trident of protection
 t - a +5 halberd of flaming (weapon)
Missiles
 e - a tomahawk of dispersal (quivered)
 o - 18 tomahawks
 p - 6 curare-tipped needles
Armour
 d - the +0 hat of the Dice {rElec rPois rF-}
   (Okawaru gifted it to you on level 8 of the Lair of Beasts)

   It makes you vulnerable to fire.
   It insulates you from electricity.
   It protects you from poison.
 m - a +0 helmet (worn)
 E - a +0 pair of boots (worn)
 F - a +0 cloak of magic resistance (worn)
 K - a +1 pair of gloves of fire resistance (worn)
 L - a +1 scale mail of fire resistance (worn)
Jewellery
 a - a ring of protection from magic (left hand)
 g - a ring of protection from fire (right hand)
 h - an amulet of clarity (around neck)
 w - an uncursed amulet of resist corrosion
Magical devices
 l - a wand of confusion (3)
 n - a wand of fireball (11)
 q - a wand of lightning (7)
 s - a wand of frost (14)
 C - a wand of draining (1)
 H - a wand of confusion (24)
 I - a wand of frost (38)
Scrolls
 c - a scroll of fog
 f - 5 scrolls of enchant weapon
 j - 2 scrolls of identify
 k - 6 scrolls of enchant armour
 u - 2 scrolls of recharging
 x - 6 scrolls of teleportation
 y - 4 scrolls of amnesia
 A - 4 scrolls of magic mapping
 D - 2 scrolls of immolation
 G - 4 scrolls of remove curse
Miscellaneous
 b - an ornate deck of defence {drawn: 6}


   Skills:
 * Level 8.0 Fighting
 - Level 16.1 Polearms
 - Level 0.7 Throwing
 + Level 7.1 Armour
 + Level 5.4 Dodging
 - Level 2.0 Spellcasting
 - Level 2.4 Translocations
 - Level 1.5 Invocations
 + Level 2.5 Evocations


You had 13 spell levels left.
You knew the following spells:

 Your Spells              Type           Power        Failure   Level  Hunger
a - Apportation           Tloc           #.........   38%         1    N/A
b - Blink                 Tloc           N/A          58%         2    N/A

Dungeon Overview and Level Annotations

Branches:
Dungeon (9/15)             Temple (0/1) D:5            Lair (8/8) D:9
  Swamp (0/4) Lair:6       Spider (0/4) Lair:5          Orc (0/4) D:9
  Slime: Lair:6-8

Altars:
Dithmenos
Elyvilon
Fedhas
Okawaru
Ru
Vehumet
Xom
Yredelemnul

Shops:
D:5 }   D:9 *

Annotations:
D:6 1 runed door
Lair:3 exclusion: hydra


Innate Abilities, Weirdness & Mutations

You do not eat or drink.
Your flesh is vulnerable to fire.
You are immune to poison.
Your flesh is cold resistant.
You are immune to negative energy.
You are immune to unholy pain and torment.
You can survive without breathing.
You are in touch with the powers of death.
You can restore your body by infusing magical energy.


Message History

Aim: a giant leech You reach to attack!
You miss the giant leech.
Attack whom?
Press: ? - help, Dir - move target cursor, f/p - giant leech
Aim: a giant leech You reach to attack!
You closely miss the giant leech. You barely miss the giant leech.
The giant leech bites you!!
* * * LOW HITPOINT WARNING * * *
You are too injured to fight recklessly!
You hit the giant leech. You burn the giant leech.
The giant leech is lightly wounded.
You miss the giant leech.
The giant leech is lightly wounded.
The giant leech barely misses you.
You slice the giant leech!! You burn the giant leech.
The giant leech is severely wounded.
You puncture the giant leech! You burn the giant leech.
The giant leech is almost dead.
The giant leech bites you!!
You die...

...PPP..#...?.#...........
#..PPP........#...........
....P.##......#[..........
.......#.....#.#..........
P...#####.P.####..........
....#####PPP####P.........
.....##..P.<.##...........
....####.PP...#.w.........
...## ##.......@.........
....# ##......##.........
...## #......##..........
...### #.P...####.........
.....# #......#.#.........
....## ##....#..PP........
#...####P......P..........
....##.#.......#..........
.....#..#.....PP..........


You could see a giant leech.

Vanquished Creatures
  Kirke (Lair:7)
  Nessos (Lair:7)
  Josephine (Lair:7)
  A catoblepas (Lair:4)
  4 hydras
  An ugly thing (D:9)
  An orc sorcerer (Volcano)
  3 griffons
  9 elephants
  6 black mambas
  9 spiny frogs
  2 queen bees
  6 komodo dragons
  A two-headed ogre (D:9)
  A giant leech (Lair:8)
  Grinder (D:6)
  Prince Ribbit (D:7)
  24 blink frogs
  2 basilisks
  A fire bat (Volcano)
  A wyvern (Lair:4)
  A hippogriff (Lair:4)
  25 yaks
  A hog (Lair:7)
  5 wraiths (Lair:7)
  3 vampire mosquitoes (Lair:8)
  11 wolves
  Edmund (D:6)
  A soldier ant (D:6)
  The ghost of Tux the Magician, an average DEEE of Vehumet (D:4)
  An ice beast (D:5)
  Duvessa (D:5)
  4 orc warriors
  9 water moccasins
  A sky beast (D:6)
  6 spiders (Lair:5)
  9 porcupines
  4 phantoms
  A centaur (D:6)
  3 ogres
  11 crocodiles
  A big kobold (D:9)
  25 giant frogs
  5 scorpions
  Dowan (D:5)
  10 wights (D:9)
  45 killer bees
  An electric eel (Lair:8)
  A quasit (D:8)
  3 lava snakes (Volcano)
  2 giant frog zombies (D:5)
  4 crimson imps
  3 orc priests
  Crazy Yiuf (D:5)
  4 hounds
  6 orc wizards
  A giant frog skeleton (D:6)
  Jessica (D:3)
  Terence (D:3)
  11 worker ants
  5 iguanas
  A killer bee zombie (D:8)
  14 sheep
  2 hound skeletons
  Robin (D:3)
  5 gnolls
  A worker ant zombie (D:5)
  8 adders
  10 river rats
  A shadow imp (D:5)
  An adder zombie (D:3)
  An ooze (D:4)
  2 worms
  7 giant geckos
  19 orcs
  7 bats
  16 giant cockroaches
  12 goblins
  13 hobgoblins
  6 jackals
  15 kobolds
  6 quokkas
  5 ball pythons
  A giant gecko skeleton (D:6)
  10 giant newts
  A jackal skeleton (D:5)
  8 rats
  2 butterflies (D:6)
482 creatures vanquished.

Vanquished Creatures (others)
  A human (Lair:7)
  A scorpion (D:8)
  6 bushes (Lair:8)
  32 fungi
  52 plants
92 creatures vanquished.

Grand Total: 574 creatures vanquished

Notes
Turn   | Place    | Note
--------------------------------------------------------------
     0 | D:1      | wvc the Mummy Warper began the quest for the Orb.
     0 | D:1      | Reached XP level 1. HP: 16/16 MP: 3/3
   196 | D:1      | Reached XP level 2. HP: 22/22 MP: 5/5
   441 | D:1      | Reached skill level 1 in Armour
  1030 | D:2      | Reached XP level 3. HP: 22/27 MP: 6/6
  1420 | D:2      | Reached skill level 3 in Polearms
  2116 | D:3      | Noticed Terence
  2145 | D:3      | Killed Terence
  2145 | D:3      | Reached XP level 4. HP: 15/33 MP: 7/7
  2385 | D:3      | Noticed Jessica
  2415 | D:3      | Killed Jessica
  2415 | D:3      | Reached skill level 4 in Polearms
  2415 | D:3      | Reached XP level 5. HP: 9/38 MP: 8/8
  3181 | D:3      | Noticed Robin
  3830 | D:3      | Reached skill level 5 in Polearms
  3849 | D:3      | Killed Robin
  4054 | D:3      | Found a white marble altar of Elyvilon.
  4265 | D:4      | Noticed Tux's ghost (average DEEE)
  4370 | D:4      | Found a shadowy altar of Dithmenos.
  4402 | D:4      | Reached XP level 6. HP: 44/44 MP: 9/9
  4573 | D:4      | Noticed an ogre
  5083 | D:4      | Found an iron altar of Okawaru.
  5093 | D:4      | Became a worshipper of Warmaster Okawaru
  5166 | D:4      | Killed Tux's ghost
  5166 | D:4      | Reached skill level 6 in Polearms
  5474 | D:4      | Reached XP level 7. HP: 28/50 MP: 10/10
  6071 | D:4      | Noticed a phantom
  6102 | D:4      | Killed a phantom
  6102 | D:4      | Reached skill level 7 in Polearms
  6190 | D:4      | Acquired Okawaru's first power
  6444 | D:4      | Killed an ogre
  6896 | D:5      | Entered Level 5 of the Dungeon
  7010 | D:5      | Reached XP level 8. HP: 29/56 MP: 11/11
  7319 | D:5      | Found a staircase to the Ecumenical Temple.
  7388 | D:5      | Noticed Dowan
  7404 | D:5      | Killed Dowan
  7404 | D:5      | Reached skill level 8 in Polearms
  7575 | D:5      | Found Akorygg's Gadget Shop.
  7873 | D:5      | Noticed Crazy Yiuf
  7883 | D:5      | Killed Crazy Yiuf
  8143 | D:5      | Noticed Duvessa
  8703 | D:5      | Killed Duvessa
  8770 | D:6      | Reached skill level 9 in Polearms
  8854 | D:6      | Found a glowing drain.
  8859 | Sewer    | Entered a sewer
  9326 | D:6      | Noticed Grinder
  9347 | D:6      | Killed Grinder
  9359 | D:6      | Found a blossoming altar of Fedhas.
  9388 | D:6      | Found a runed door.
  9395 | D:6      | Reached XP level 9. HP: 61/61 MP: 12/12
  9397 | D:6      | Found a runed door.
  9408 | D:6      | Reached skill level 10 in Polearms
  9429 | D:6      | Reached skill level 1 in Evocations
  9492 | D:6      | Noticed Edmund
  9504 | D:6      | Killed Edmund
 10504 | D:7      | Noticed Prince Ribbit
 10778 | D:7      | Killed Prince Ribbit
 10784 | D:7      | Learned a level 2 spell: Blink
 11159 | D:8      | Reached skill level 11 in Polearms
 11271 | D:8      | Found a basalt altar of Yredelemnul.
 11274 | D:8      | Found a sacrificial altar of Ru.
 12104 | D:9      | Found a staircase to the Lair.
 12110 | D:9      | Found an iron altar of Okawaru.
 12241 | D:9      | Found Oges's Assorted Antiques.
 12250 | D:9      | Bought a scroll labeled TOEVEKLIKHY for 25 gold pieces
 12250 | D:9      | Bought a scroll of teleportation for 75 gold pieces
 12250 | D:9      | Bought a copper wand for 100 gold pieces
 12250 | D:9      | Bought a scroll of magic mapping for 87 gold pieces
 12250 | D:9      | Bought a scroll of identify for 50 gold pieces
 12255 | D:9      | Got a transparent glaive
 12256 | D:9      | Identified the +6 glaive of the Poles {vamp, *Drain rC- MR+ Int+3 Dex+3} (You acquired it on level 9 of the Dungeon)
 12434 | D:9      | Reached XP level 10. HP: 59/67 MP: 13/13
 12489 | D:9      | Reached skill level 1 in Invocations
 12514 | D:9      | Reached skill level 12 in Polearms
 12630 | D:9      | Found a radiant altar of Vehumet.
 12958 | D:9      | Found a staircase to the Orcish Mines.
 12983 | D:9      | Noticed a brown ugly thing
 12990 | D:9      | Killed a brown ugly thing
 12990 | D:9      | Acquired Okawaru's second power
 13113 | Lair:1   | Entered Level 1 of the Lair of Beasts
 13533 | Lair:1   | Reached XP level 11. HP: 76/76 MP: 14/14
 13553 | Lair:1   | Reached skill level 13 in Polearms
 14239 | Lair:2   | Received a gift from Okawaru
 14867 | Lair:2   | Reached skill level 5 in Fighting
 15145 | Lair:3   | Reached skill level 14 in Polearms
 15192 | Lair:3   | Noticed a six-headed hydra
 15524 | Lair:3   | Noticed an eight-headed hydra
 15539 | Lair:3   | Killed an eight-headed hydra
 15539 | Lair:3   | Reached XP level 12. HP: 35/86 MP: 15/15
 15774 | Lair:4   | Noticed a catoblepas
 15790 | Lair:4   | Killed a catoblepas
 16060 | Lair:4   | Found a dark tunnel.
 16105 | Volcano  | Entered a volcano
 16225 | Volcano  | Reached skill level 5 in Armour
 16254 | Volcano  | Found a radiant altar of Vehumet.
 16761 | Lair:4   | Received a gift from Okawaru
 16762 | Lair:4   | Got an encrusted glaive {god gift}
 16824 | Lair:4   | Identified the +0 glaive of Reonaog {freeze, rPois MR- Str+5} (Okawaru gifted it to you on level 4 of the Lair of Beasts)
 16830 | Lair:4   | Noticed a six-headed hydra
 16838 | Lair:4   | Killed a one-headed hydra
 17632 | Lair:5   | Reached skill level 15 in Polearms
 18024 | Lair:5   | Found a hole to the Spider Nest.
 18670 | Lair:6   | Found a shimmering altar of Xom.
 18762 | Lair:6   | Found a staircase to the Swamp.
 18983 | Lair:6   | Gained mutation: You are in touch with the powers of death. [Mummy growth]
 18983 | Lair:6   | Gained mutation: You can restore your body by infusing magical energy. [Mummy growth]
 18983 | Lair:6   | Reached XP level 13. HP: 69/96 MP: 16/16
 19368 | Lair:7   | Noticed Josephine
 19382 | Lair:7   | Killed Josephine
 19393 | Lair:7   | Received a gift from Okawaru
 19399 | Lair:7   | Got a scorched battleaxe {god gift}
 19400 | Lair:7   | Identified the +1 battleaxe "Jimuazon" {flame, rPois Str+3 Dex-3 Stlth+} (Okawaru gifted it to you on level 7 of the Lair of Beasts)
 19676 | Lair:7   | Noticed Nessos
 19687 | Lair:7   | Killed Nessos
 20123 | Lair:7   | Noticed Kirke
 20136 | Lair:7   | Noticed a sphinx
 20140 | Lair:7   | Killed Kirke
 20727 | Lair:8   | Entered Level 8 of the Lair of Beasts
 21159 | Lair:8   | Received a gift from Okawaru
 21185 | Lair:8   | Got a crude hat {god gift}
 21190 | Lair:8   | Reached skill level 5 in Dodging
 21222 | Lair:8   | Identified the +0 hat of the Dice {rElec rPois rF-} (Okawaru gifted it to you on level 8 of the Lair of Beasts)
 21551 | Lair:8   | Reached skill level 16 in Polearms
 22066 | Lair:8   | Mangled by a giant leech

Vault maps used:
D:1:      mrwooster_arrival_statue_3
D:2:      first_bread, dk_vineyard_3
D:3:      elyvilon_altar_5, uniq_jessica, uniq_robin, uniq_terence
D:4:      nicolae_dithmenos_through_a_glass_darkly, okawaru_metal_pillars_1_2
D:5:      temple_hall, serial_shops, nicolae_shop_competitors_out_of_business,
          serial_glass, glass_columns_a, glass_columns_a,
          uniq_crazy_yiuf_cottage, uniq_duvessa
D:6:      lemuel_insect_pit, kennysheep_little_box, lightli_sewer_entry_pipes,
          hangedman_abyss_or_decor_stabs, uniq_grinder, uniq_edmund
D:7:      wad_pebble_path, uniq_prince_ribbit1
D:8:      nicolae_overflow_hidden_temple
D:9:      vehumet_crystals, old_standard_altar, lair_0_dummy, orc_0_dummy,
          serial_shops, nicolae_shop_overgrown_old_shop, david_nohive_1
Lair:1:   special_room
Lair:2:   grunt_megastairs_1, serial_bayou_shore_b
Lair:3:   lemuel_fruit_tree, grunt_megastairs_3
Lair:4:   nicolae_volcano_entry_two_sided
Lair:5:   boulder_quad_collide, nicolae_spider_entry_tight_spaces,
          grunt_forest_large_clearings, grunt_megastairs_2
Lair:6:   swamp_mist, basic_altar, st_stairs_10, infiniplex_staircase_pool
Lair:7:   uniq_nessos, uniq_josephine, uniq_kirke
Lair:8:   minmay_lair_end_frog_pond, nicolae_slime_entry_slimehenge,
          basic_altar, serial_forest, infiniplex_forest_clump_long,
          infiniplex_forest_lined_2, infiniplex_forest_end_3,
          infiniplex_forest_zigzag_2, infiniplex_forest_lined_3,
          infiniplex_forest_clump_small, infiniplex_forest_clump_long,
          infiniplex_forest_clump_medium, infiniplex_forest_end_double,
          infiniplex_forest_clump_cross
Sewer:    sewer_frog_island_01
Volcano:  volcano_grotto

Action                   |  1- 3 |  4- 6 |  7- 9 | 10-12 | 13-15 || total
-------------------------+-------+-------+-------+-------+-------++-------
Melee: Spear             |   185 |   245 |       |       |       ||   430
       Trident           |       |   103 |   233 |    11 |       ||   347
       Quarterstaff      |       |       |   297 |     6 |       ||   303
       Glaive            |       |       |    23 |   587 |       ||   610
       Halberd           |       |       |       |   248 |   306 ||   554
Throw: Tomahawk          |       |       |     4 |       |       ||     4
 Cast: Apportation       |       |     1 |       |     1 |       ||     2
Invok: Heroism           |       |       |     2 |    10 |     4 ||    16
Evoke: Wand              |       |       |     8 |       |    13 ||    21
       Deck              |       |       |       |     5 |     1 ||     6
  Use: Scroll            |     6 |     7 |    12 |     6 |     5 ||    36
 Stab: Paralysed         |       |       |     5 |       |       ||     5
       Sleeping          |       |       |     3 |     8 |       ||    11
       Confused          |       |       |     1 |       |       ||     1
       Distracted        |       |       |       |     1 |       ||     1
